 Dungeon Crawl Stone Soup version 0.30.1 (webtiles) character file.

Game seed: 3464006610522719831

25314 Graphine the Tortoise (level 12, -2/113 HPs)
             Began as an Armataur Monk on July 10, 2023.
             Was the Champion of Jiyva.
             Killed by an exploding chaos spawn (17 damage)
             ... ignited by their inner flame
             ... on level 5 of the Lair of Beasts.
             The game lasted 00:27:37 (10911 turns).

Graphine the Tortoise (Armataur Monk)              Turns: 10911, Time: 00:27:39

Health: -2/113     AC: 16    Str: 21    XL:     12   Next: 88%
Magic:  15/15      EV:  8    Int: 12    God:    Jiyva [******]
Gold:   542        SH:  0    Dex: 12    Spells: 16/16 levels left

rFire   + . .        a - +1 mace
rCold   + + +        D - +0 kite shield
rNeg    . . .        B - +2 chain mail {rPois}
rPois   +            u - +2 hat
rElec   .            K - scarf {rC+ rF+}
rCorr   +            (no gloves)
SInv    .            (no barding)
Will    .....        v - amulet of regeneration Stlth
                     (no ring)
HPRegen 1.60/turn    (no ring)
MPRegen 0.64/turn

%: roll
@: confused, ambrosia-drunk, sick, studying Invocations
A: large, rugged brown scales 3, deformed body, armoured tail, roll, long
tongue, awkward tongue, hooves 3, stinger 1, cold resistance 2, pseudopods 3,
jelly absorbing missiles, MP-powered wands, sturdy frame 1, engulf
a: Renounce Religion, Oozemancy, Slimify


You were on level 5 of the Lair of Beasts.
You worshipped Jiyva.
Jiyva was exalted by your worship.
You visited 2 branches of the dungeon, and saw 14 of its levels.
You also visited: Sewer and Ossuary.

You collected 542 gold pieces.

Inventory:

Hand Weapons
 a - a +1 mace (weapon)
 j - a +0 lajatang
 n - a +3 short sword of protection
Missiles
 y - 2 throwing nets (quivered)
Armour
 d - an orb of light
 i - the +0 ring mail of Xuog {+Inv SInv}
   (You found it on level 3 of the Dungeon)

   SInv:      It lets you see invisible.
   +Inv:      It lets you turn invisible.
 m - a +1 plate armour
 u - a +2 hat (worn)
 B - a +2 chain mail of poison resistance (worn)
 D - a +0 kite shield (worn)
 K - a scarf of resistance (worn)
Jewellery
 t - a ring of ice
 v - an amulet of regeneration (around neck)
 w - a +6 ring of dexterity
 I - an amulet of the acrobat
 J - a ring of wizardry
Wands
 r - a wand of acid (10)
Scrolls
 e - 2 scrolls of enchant weapon
 f - a scroll of fog
 g - 5 scrolls of blinking
 l - a scroll of immolation
 x - a scroll of silence
 A - 7 scrolls of teleportation
 F - a scroll of magic mapping
 L - a scroll of butterflies
 M - a scroll of fear
Potions
 b - 6 potions of mutation
 h - 10 potions of curing
 k - a potion of invisibility {unknown}
 o - 2 potions of attraction
 p - 4 potions of might
 q - 4 potions of haste
 s - 2 potions of flight {unknown}
 z - 2 potions of lignification {unknown}
 C - a potion of brilliance
 E - a potion of degeneration {unknown}
 G - a potion of magic {unknown}
 H - a potion of heal wounds {unknown}


   Skills:
 - Level 10.0 Fighting
 - Level 10.0 Maces & Flails
 - Level 15.0 Armour
 - Level 4.0 Dodging
 - Level 10.0 Shields
 + Level 2.5 Spellcasting


You had 16 spell levels left.
You didn't know any spells.
Your spell library contained the following spells:

 Spells                   Type           Power      Damage    Failure   Level
 Magic Dart               Conj           4%         1d3       80%         1
 Searing Ray              Conj           2%         2d4       90%         2
 Inner Flame              Hex/Fire       1%         N/A       99%         3
 Vhi's Electric Charge    Tloc/Air       2%         N/A       99%         3
 Fulminant Prism          Conj/Hex       0%         3d5       100%        4
 Arcjolt                  Conj/Air       0%         1d10      100%        5
 Yara's Violent Unravell  Hex/Tmut       0%         3d3       100%        5
 Plasma Beam              Fire/Air       0%         2x1d11    100%        6
 Enfeeble                 Hex            0%         N/A       100%        7


Dungeon Overview and Level Annotations

Branches:
Dungeon (9/15)             Temple (0/1) D:7            Lair (5/5) D:9
 Shoals (0/4) Lair:2        Snake (0/4) Lair:3          Orc (0/2) D:9
  Sewer (visited)         Ossuary (visited)
  Slime: Lair:4-5

Altars:
Ashenzari
Cheibriados
Elyvilon
Fedhas
Gozag
Nemelex Xobeh
Qazlal
Sif Muna
Trog
Uskayaw
Vehumet
Yredelemnul
Jiyva

Shops:
D:7 !


Innate Abilities, Weirdness & Mutations

You are completely covered in rugged brown scales. (AC +3, +7% HP)
Armour fits poorly on your strangely shaped body.
You have a long armoured tail.
You roll when moving toward enemies. (Rampage)
Your long tongue fully drains potion bottles. (2x potion effects)
Your tongue gives you trouble enunciating. (1.5x scroll delay)
You have hooves in place of feet.
Your tail ends in a venomous barb.
Your flesh is very cold resistant. (rC++)
Armour fits poorly on your massive pseudopods.
You have a small jelly attached to you that may absorb projectiles.
You expend magic power (3 MP) to strengthen your wands.
Your movements are slightly less encumbered by armour. (ER -2)
Your melee attacks may engulf your foes in ooze.


Message History

The blink frog blinks!
The chaos spawn barely misses you. The ancient zyme closely misses you.
The ancient zyme hits you but does no damage.
The thrashing horror barely misses you.
The thrashing horror tramples you but does no damage.
You block the chaos spawn's attack. The ancient zyme hits you.
The ancient zyme barely misses you. The smoke demon gestures at you.
Something smites you!
You are confused.
You feel invigorated.
You slurp down every last drop of the potion of ambrosia!
The thrashing horror tramples you.
You hold your ground!
The thrashing horror tramples you.
You hold your ground!
The thrashing horror tramples you!
* * * LOW HITPOINT WARNING * * *
You hold your ground!
The thrashing horror barely misses you. The blink frog hits you!
* * * LOW HITPOINT WARNING * * *
The chaos spawn closely misses you.
The ancient zyme hits you but does no damage. x2
You sock the blink frog!
Flame seeps out of the blink frog.
Your kick misses the blink frog.
Your tail-slap misses the blink frog.
The blink frog is heavily wounded.
The blink frog is engulfed in blazing flames.
Flame seeps out of the blink frog.
The blink frog hits you but does no damage.
The blink frog is engulfed in blazing flames.
The blink frog explodes!
You smell burning wood.
The fiery explosion engulfs the chaos spawn!!
The chaos spawn degenerates into a cloud of primal chaos!
The tree burns like a torch!
The fiery explosion engulfs you! You resist.
* * * LOW HITPOINT WARNING * * *
The chaos spawn explodes!
The fiery explosion engulfs the smoke demon.
The smoke demon resists.
Flame seeps out of the smoke demon.
The smoke demon is lightly wounded.
The fiery explosion engulfs you! You resist.
You die...

♣♣....♣.♣.....♣♣♣♣♣♣....
♣..♣♣♣♣♣♣♣.♣♣♣♣ ♣♣♣..
♣..♣♣ ♣♣♣ ♣♣. ♣♣..♣♣ ♣♣
♣♣..♣ ♣...♣♣♣♣♣♣♣
♣♣...§§X..♣♣♣÷
♣..§○§3......
♣♣♣§§@♣♣♣.÷. ♣♣♣§xX..♣
♣♣♣X...♣ ♣♣♣♣♣


You could see an ancient zyme (inner flame), 2 thrashing horrors, a large
abomination (inner flame) and a smoke demon (inner flame).

Vanquished Creatures
  A hydra (D:9)
  A catoblepas (Lair:2)
  A boulder beetle (Lair:3)
  A thrashing horror (Lair:5)
  A fire crab (Lair:4)
  A skyshark (Lair:2)
  A fire crab (shapeshifter) (Lair:5)
  A cyclops (D:9)
  An ugly thing (Lair:5)
  5 elephants (Lair:2)
  A black mamba (Lair:4)
  7 cane toads
  The ghost of jaiteiro the Shooter, a novice BaHu (D:5)
  A torpor snail (Lair:2)
  3 komodo dragons
  2 rime drakes
  A merfolk (Lair:2)
  12 blink frogs
  2 ynoxinuls (Lair:5)
  30 yaks
  A wyvern (shapeshifter) (Lair:5)
  4 wyverns
  4 basilisks
  3 chaos spawn (Lair:5)
  3 nagas (Lair:3)
  Duvessa (D:7)
  3 water moccasins
  4 black bears
  4 orc warriors
  2 ogres (D:5)
  A sky beast (D:7)
  6 small abominations (Lair:5)
  3 phantoms
  3 kobold brigands
  13 bullfrogs
  9 scorpions (Ossuary)
  6 killer bees (D:9)
  3 electric eels
  3 quasits (D:5)
  3 centaur zombies (Ossuary)
  2 human zombies (Ossuary)
  A gnoll bouda (D:7)
  3 orc priests
  5 hounds
  A sleepcap (D:5)
  4 iguanas (D:6)
  6 orc wizards
  7 scorpion zombies (Ossuary)
  3 mummies (Ossuary)
  4 gnolls
  2 river rats (D:4)
  6 adders
  A shadow imp (D:5)
  A white imp (D:5)
  An ufetubus (D:6)
  5 dart slugs
  27 orcs
  2 endoplasms (D:1)
  12 giant cockroaches
  4 goblins
  9 hobgoblins
  4 jackals (D:1)
  20 kobolds
  10 quokkas
  10 ball pythons
  3 bats
  9 frilled lizards
  A goblin zombie (Ossuary)
  2 hobgoblin zombies (Ossuary)
  A kobold zombie (Ossuary)
  2 orc zombies (Ossuary)
  4 rats
  A butterfly (Lair:3)
326 creatures vanquished.

Vanquished Creatures (collateral kills)
  A catoblepas (Lair:5)
  A lindwurm (Lair:2)
  A blink frog (Lair:5)
  A basilisk (Lair:5)
  Dowan (D:7)
  An orc priest (D:5)
  An orc (D:5)
7 creatures vanquished.

Vanquished Creatures (others)
  A dream sheep (Lair:5)
  A basilisk (Lair:2)
  A steam dragon (D:6)
  A water moccasin (Lair:4)
  A centaur (D:9)
  2 phantoms
  A bullfrog (Lair:1)
  5 killer bees (D:9)
  An electric eel (Lair:2)
  A hound (D:6)
  43 jellies
  An orc priest (D:7)
  A sleepcap (D:7)
  An iguana (D:5)
  2 shadow imps
  9 orcs
  2 endoplasms (Lair:5)
  2 kobolds (D:7)
  A butterfly (Lair:3)
77 creatures vanquished.

Grand Total: 410 creatures vanquished

Notes
Turn   | Place    | Note
-------+----------+-------------------------------------------
     0 | D:1      | Graphine the Armataur Monk began the quest for the Orb.
     0 | D:1      | Reached XP level 1. HP: 19/19 MP: 1/1
    47 | D:1      | Reached XP level 2. HP: 26/26 MP: 2/2
   116 | D:1      | Reached skill level 1 in Armour
   478 | D:1      | Reached XP level 3. HP: 33/33 MP: 3/3
   522 | D:1      | Reached skill level 1 in Shields
  1047 | D:2      | Found a faded altar of an unknown god.
  1102 | D:2      | Prayed at the altar of an unknown god.
  1102 | D:2      | Became a worshipper of Jiyva Jiatusm the Shapeless
  1102 | D:2      | Reached * piety under Jiyva
  1102 | D:2      | Reached ** piety under Jiyva
  1169 | D:2      | Reached *** piety under Jiyva
  1210 | D:2      | Gained mutation: You are strong-willed. (Will+) [potion of
                  | mutation]
  1210 | D:2      | Gained mutation: You have sharp toenails. [potion of
                  | mutation]
  1210 | D:2      | Gained mutation: You occasionally lose the ability to drink
                  | potions when taking damage. [potion of mutation]
  1210 | D:2      | Gained mutation: You are highly strong-willed. (Will++)
                  | [potion of mutation]
  1322 | D:2      | Lost mutation: You have sharp toenails. [Jiyva's grace]
  1322 | D:2      | Gained mutation: Your tail ends in a venomous barb.
                  | [Jiyva's grace]
  1322 | D:2      | Gained mutation: Your tail ends in a sharp venomous barb.
                  | [Jiyva's grace]
  1322 | D:2      | Gained mutation: Your tail ends in a wickedly sharp and
                  | venomous barb. [Jiyva's grace]
  1322 | D:2      | Gained mutation: You have a small jelly attached to you
                  | that may absorb projectiles. [Jiyva's grace]
  1524 | D:2      | Reached XP level 4. HP: 40/40 MP: 4/4
  1690 | D:3      | Identified the +0 ring mail of Xuog {+Inv SInv}
  1747 | D:3      | Reached **** piety under Jiyva
  1880 | D:3      | Reached skill level 2 in Armour
  1887 | D:3      | Reached XP level 5. HP: 45/48 MP: 5/5
  1965 | D:3      | Found a sparkling altar of Nemelex Xobeh.
  2273 | D:4      | Found a glowing drain.
  2284 | Sewer    | Entered a sewer
  2479 | Sewer    | Reached XP level 6. HP: 42/55 MP: 6/6
  2728 | D:4      | Reached skill level 3 in Armour
  2778 | D:4      | Reached ***** piety under Jiyva
  2797 | D:4      | Found a snail-covered altar of Cheibriados.
  3083 | D:5      | Entered Level 5 of the Dungeon
  3279 | D:5      | Lost mutation: Your tail ends in a wickedly sharp and
                  | venomous barb. [Jiyva's grace]
  3279 | D:5      | Gained mutation: Your melee attacks may engulf your foes in
                  | ooze. [Jiyva's grace]
  3279 | D:5      | Gained mutation: You possess an exceptional clarity of
                  | mind. [Jiyva's grace]
  3279 | D:5      | Gained mutation: Your movements are slightly less
                  | encumbered by armour. (ER -2) [Jiyva's grace]
  3279 | D:5      | Gained mutation: Your movements are less encumbered by
                  | armour. (ER -4) [Jiyva's grace]
  3330 | D:5      | Reached XP level 7. HP: 63/63 MP: 7/7
  3433 | D:5      | Found a transporter.
  3433 | D:5      | Noticed jaiteiro's ghost (novice BaHu)
  3521 | D:5      | Reached skill level 4 in Armour
  3534 | D:5      | Found a transporter.
  4186 | D:5      | Killed jaiteiro's ghost
  4187 | D:5      | Reached XP level 8. HP: 56/71 MP: 8/8
  4222 | D:6      | Reached skill level 5 in Armour
  4250 | D:6      | Reached skill level 5 in Fighting
  4282 | D:6      | Found a hide-covered altar of Uskayaw.
  4306 | D:6      | Reached skill level 5 in Maces & Flails
  4580 | D:6      | Reached ****** piety under Jiyva
  4738 | D:6      | Reached skill level 5 in Shields
  4947 | D:7      | Found a staircase to the Ecumenical Temple.
  4986 | D:7      | Found an opulent altar of Gozag.
  4987 | D:7      | Found a basalt altar of Yredelemnul.
  4988 | D:7      | Found a radiant altar of Vehumet.
  4988 | D:7      | Found a stormy altar of Qazlal.
  5188 | D:7      | Lost mutation: Your tail ends in a sharp venomous barb.
                  | [Jiyva's grace]
  5188 | D:7      | Lost mutation: You are highly strong-willed. (Will++)
                  | [Jiyva's grace]
  5188 | D:7      | Lost mutation: You have a small jelly attached to you that
                  | may absorb projectiles. [Jiyva's grace]
  5188 | D:7      | Gained mutation: Your body has grown eyes which may confuse
                  | attackers. (Acc +3) [Jiyva's grace]
  5188 | D:7      | Gained mutation: Your body has grown many eyes which may
                  | confuse attackers. (Acc +5) [Jiyva's grace]
  5188 | D:7      | Gained mutation: Your body is covered in eyes which may
                  | confuse attackers. (Acc +7, SInv) [Jiyva's grace]
  5188 | D:7      | Gained mutation: You have sharp toenails. [Jiyva's grace]
  5244 | D:7      | Reached skill level 6 in Armour
  5291 | D:7      | Found a sand-covered staircase.
  5295 | D:7      | Noticed Duvessa
  5300 | Ossuary  | Entered an ossuary
  5371 | Ossuary  | Reached XP level 9. HP: 80/80 MP: 9/9
  5546 | Ossuary  | Reached skill level 7 in Armour
  5640 | D:7      | Killed Duvessa
  5641 | D:7      | Noticed Dowan
  5656 | D:7      | Killed Dowan
  5726 | D:7      | Found Tutumotary's Distillery.
  6013 | D:8      | Found a white marble altar of Elyvilon.
  6254 | D:8      | Found a bloodstained altar of Trog.
  6513 | D:9      | Found a staircase to the Lair.
  6529 | D:9      | Reached skill level 8 in Armour
  6533 | D:9      | Reached XP level 10. HP: 68/89 MP: 10/10
  6729 | D:9      | Noticed a seven-headed hydra
  6733 | D:9      | Killed a seven-headed hydra
  6750 | D:9      | Found a shimmering blue altar of Sif Muna.
  6772 | D:9      | Noticed a cyclops
  6784 | D:9      | Killed a cyclops
  6795 | D:9      | Reached skill level 9 in Armour
  6819 | D:9      | Found a broken altar of Ashenzari.
  6858 | D:9      | Found a staircase to the Orcish Mines.
  7006 | D:9      | Found a blossoming altar of Fedhas.
  7081 | D:9      | Lost mutation: Your body is covered in eyes which may
                  | confuse attackers. (Acc +7, SInv) [Jiyva's grace]
  7081 | D:9      | Lost mutation: You occasionally lose the ability to drink
                  | potions when taking damage. [Jiyva's grace]
  7081 | D:9      | Gained mutation: Your flesh is cold resistant. (rC+)
                  | [Jiyva's grace]
  7081 | D:9      | Gained mutation: Your flesh is very cold resistant. (rC++)
                  | [Jiyva's grace]
  7081 | D:9      | Gained mutation: Your flesh is almost immune to the effects
                  | of cold. (rC+++) [Jiyva's grace]
  7081 | D:9      | Gained mutation: You are robust. (+10% HP) [Jiyva's grace]
  7186 | Lair:1   | Entered Level 1 of the Lair of Beasts
  7249 | Lair:1   | Noticed a cane toad
  7261 | Lair:1   | Killed a cane toad
  7268 | Lair:1   | Reached XP level 11. HP: 106/109 MP: 11/11
  7481 | Lair:1   | Reached skill level 10 in Armour
  8065 | Lair:2   | Noticed a catoblepas
  8082 | Lair:2   | Killed a catoblepas
  8104 | Lair:2   | Noticed a skyshark
  8112 | Lair:2   | Killed a skyshark
  8209 | Lair:2   | Reached skill level 10 in Shields
  8325 | Lair:2   | Noticed a lindwurm
  8331 | Lair:2   | Killed a lindwurm
  8332 | Lair:2   | Reached skill level 11 in Armour
  8391 | Lair:2   | Found a staircase to the Shoals.
  8480 | Lair:2   | Reached XP level 12. HP: 86/122 MP: 12/12
  8553 | Lair:2   | Lost mutation: You possess an exceptional clarity of mind.
                  | [Jiyva's grace]
  8553 | Lair:2   | Lost mutation: Your flesh is almost immune to the effects
                  | of cold. (rC+++) [Jiyva's grace]
  8553 | Lair:2   | Lost mutation: You are strong-willed. (Will+) [Jiyva's
                  | grace]
  8553 | Lair:2   | Lost mutation: You are robust. (+10% HP) [Jiyva's grace]
  8553 | Lair:2   | Lost mutation: Your body has grown many eyes which may
                  | confuse attackers. (Acc +5) [Jiyva's grace]
  8553 | Lair:2   | Lost mutation: Your body has grown eyes which may confuse
                  | attackers. (Acc +3) [Jiyva's grace]
  8553 | Lair:2   | Lost mutation: Your movements are less encumbered by
                  | armour. (ER -4) [Jiyva's grace]
  8553 | Lair:2   | Gained mutation: You expend magic power (3 MP) to
                  | strengthen your wands. [Jiyva's grace]
  8553 | Lair:2   | Gained mutation: Armour fits poorly on your pseudopods.
                  | [Jiyva's grace]
  8553 | Lair:2   | Gained mutation: Armour fits poorly on your large
                  | pseudopods. [Jiyva's grace]
  8553 | Lair:2   | Gained mutation: Armour fits poorly on your massive
                  | pseudopods. [Jiyva's grace]
  8950 | Lair:3   | Noticed a boulder beetle
  8964 | Lair:3   | Killed a boulder beetle
  8995 | Lair:3   | Found a staircase to the Snake Pit.
  9052 | Lair:3   | Reached skill level 12 in Armour
 10006 | Lair:4   | Gained mutation: You have a small jelly attached to you
                  | that may absorb projectiles. [Jiyva's grace]
 10006 | Lair:4   | Lost mutation: You have sharp toenails. [Jiyva's grace]
 10006 | Lair:4   | Gained mutation: You have large cloven feet. [Jiyva's
                  | grace]
 10006 | Lair:4   | Gained mutation: You have hoof-like feet. [Jiyva's grace]
 10006 | Lair:4   | Gained mutation: You have hooves in place of feet. [Jiyva's
                  | grace]
 10136 | Lair:4   | Reached skill level 10 in Maces & Flails
 10156 | Lair:4   | Reached skill level 10 in Fighting
 10401 | Lair:4   | Reached skill level 13 in Armour
 10634 | Lair:5   | Entered Level 5 of the Lair of Beasts
 10668 | Lair:5   | Noticed a catoblepas
 10673 | Lair:5   | Killed a catoblepas
 10695 | Lair:5   | Reached skill level 14 in Armour
 10789 | Lair:5   | Reached skill level 15 in Armour
 10802 | Lair:5   | Reached skill level 1 in Spellcasting
 10911 | Lair:5   | Killed by an exploding chaos spawn... ignited by their
                  | inner flame

Illustrated notes

Levels and vault maps discovered:
D:1:      roderic_crossed_star, layout_loops_ring, minmay_pentomino_x2
D:2:      layout_basic, serial_corexii_hall, corexii_hall_statues_t,
          corexii_hall_statues_t, ebering_ecumenical_altar_mist
D:3:      layout_basic, nemelex_dance_club_becter, minmay_stone_trees_large,
          serial_bayou_pond_a, cheibrodos_gnoll_hut
D:4:      layout_cave_pools, cheibriados_altar_2, gup_sewer_entry_bubbles
D:5:      layout_cave_pods, gammafunk_ghost_stat_death, st_stairs_14
D:6:      layout_loops_cross, nicolae_uskayaw_suspiria
D:7:      layout_loops_ring, chequers_temple_overflow_statue_of_worship,
          temple_doors_cd, serial_shops, nicolae_lakefront_shop,
          nicolae_ossuary_entry_ruins, uniq_duvessa
D:8:      layout_cave_pools, mainiacjoe_overflow_surrounded_room,
          elyvilon_altar_1
D:9:      layout_basic, kennysheep_mini, mainiacjoe_overflow_six_doors_small,
          nicolae_ashenzari_skybound, david_orc_2
Lair:1:   layout_regular_city
Lair:2:   layout_roguey, elwin_shoals_entry_rooms, serial_bayou_lake_a,
          lemuel_fruit_tree, serial_bayou_shore_a
Lair:3:   layout_gridlike, guppyfry_snake_entry_garden,
          gammafunk_lair_bear_cave, lemuel_fruit_fields
Lair:4:   layout_roguey
Lair:5:   hellmonk_lair_end_abyssal_woods, layout_cave_pods,
          minmay_slime_entry_jelly_boxes, nzn_ghost_randoct,
          chequers_serial_rivers_room_b, nicolae_lair_grazing_beasts
          [nicolae_sub_lair_graze_edge, nicolae_sub_lair_graze_edge,
          nicolae_sub_lair_graze_edge, nicolae_sub_lair_graze_edge]

Skill      XL: |  1  2  3  4  5  6  7  8  9 10 11 12 |
---------------+-------------------------------------+-----
Armour         | 1 2 3 4 6 8 9 11 15 | 15.0
Fighting       | 3 4 5 6 8 9 10 | 10.0
Maces & Flails | 3 4 5 6 8 9 10 | 10.0
Shields        | 1 2 3 4 5 7 9 10 | 10.0
Dodging        | 3 4 |  4.0
Spellcasting   | 2 |  2.5

Action                     |  1- 3 |  4- 6 |  7- 9 | 10-12 || total
---------------------------+-------+-------+-------+-------++-------
  Melee: Mace              |   117 |   205 |   350 |   545 ||  1217
         Tailslap          |    15 |    23 |    65 |   113 ||   216
         Punch             |     1 |       |       |       ||     1
         Kick              |     1 |       |    89 |   232 ||   322
         Pseudopods        |       |       |       |    44 ||    44
    Use: Scroll            |     5 |     6 |     9 |     4 ||    24
         Potion            |     2 |       |       |     3 ||     5
   Stab: Confused          |       |       |     5 |    12 ||    17
         Distracted        |       |       |       |     1 ||     1
 Armour: Robe              |    41 |       |       |       ||    41
         Chain mail        |    29 |       |    38 |   287 ||   354
         Ring mail         |       |    80 |       |       ||    80
         Plate armour      |       |     6 |   242 |       ||   248
  Dodge: Dodged            |    71 |   104 |   132 |   208 ||   515
  Block: Buckler           |    10 |    39 |    87 |       ||   136
         Kite shield       |       |       |    26 |   337 ||   363
